 Dungeon Crawl Stone Soup version 0.20.0 (webtiles) character file.

297 Danakh the Chopper (level 6, 50/50 HPs)
             Began as a Barachi Berserker on May 30, 2017.
             Was a Priest of Trog.
             Got out of the dungeon alive.
             The game lasted 00:07:36 (2414 turns).

Danakh the Chopper (Barachi Berserker)              Turns: 2414, Time: 00:07:37

Health: 50/50      AC: 10    Str: 21    XL:     6   Next: 35%
Magic:  6/6        EV:  9    Int:  7    God:    Trog [***...]
Gold:   119        SH:  0    Dex: 11    Spells: 5/5 levels left

rFire    . . .     SeeInvis .   a - +0 hand axe
rCold    . . .     Gourm    .   (no shield)
rNeg     . . .     Faith    .   j - +0 chain mail
rPois    .         Spirit   .   (no helmet)
rElec    .         Reflect  .   (no cloak)
rCorr    .         Harm     .   (no gloves)
MR       +....                  q - +0 pair of boots
Stlth    ..........             (no amulet)
Regen    0.2/turn               g - ring of protection from magic
MPRegen  0.1/turn               (no ring)

@: slow
A: +LOS, swims, slowness 1, strong legs 1
a: Hop, Berserk, Trog's Hand, Burn Spellbooks, Renounce Religion


You escaped.
You worshipped Trog.
Trog was most pleased with you.
You were hungry.

You visited 1 branch of the dungeon, and saw 3 of its levels.

You collected 119 gold pieces.

Inventory:

Hand Weapons
 a - a +0 hand axe (weapon)
Armour
 b - a +0 animal skin
 j - a +0 chain mail (worn)
 q - a +0 pair of boots (worn)
Jewellery
 g - a ring of protection from magic (left hand)
Scrolls
 e - 2 scrolls of remove curse {unknown}
 h - 2 scrolls of recharging {unknown}
 i - a scroll of fog {unknown}
 n - 3 scrolls of fear {unknown}
Potions
 d - 2 potions of agility {unknown}
 f - 3 potions of lignification {unknown}
 k - a potion of curing {unknown}
 l - a potion of ambrosia {unknown}
 m - a potion of haste {unknown}
 p - a potion of degeneration {unknown}
 r - a potion of cancellation {unknown}
Comestibles
 c - a bread ration
 o - a meat ration
 s - 4 fruits


   Skills:
 + Level 4.9 Fighting
 * Level 5.4 Axes
 + Level 3.9 Armour
 + Level 3.8 Dodging


You had 5 spell levels left.
You didn't know any spells.

Dungeon Overview and Level Annotations

Branches:
Dungeon (3/15)

Altars:
Fedhas
Okawaru
Uskayaw
Vehumet
Yredelemnul


Innate Abilities, Weirdness & Mutations

Shadows flee at your approach. (+LOS)
You can swim through water.
You cover ground slowly.
You can hop short distances.


Message History

You completely miss the frilled lizard.
The frilled lizard unfolds its giant frill.
The frilled lizard barely misses you.
You closely miss the frilled lizard.
The frilled lizard bites you but does no damage.
You barely miss the frilled lizard.
The frilled lizard bites you but does no damage.
You hit the frilled lizard.
You kill the frilled lizard!
No target in view!
No target in view!
No target in view!
No target in view!
No target in view!
(D) Dungeon
Where to? (Enter - D:1 @ (x,y), ? - help)
You see here a frilled lizard corpse.
There is a staircase leading out of the dungeon here.
Are you sure you want to leave the Dungeon?
This will make you lose the game!
You have escaped!

.............# #.#
############.#
#.#### #.## #.#...
#..# #.#.## ##.##
#.#.# #..#
###########.#.#
##.###P#P#P#P#P#.#.#
#.#.............#.#
#.#@......†.....#.#
#.#.............#.#
#.###P#P#P#P#P#.#.##
#...###########.#...
###..#..[...........
##.#.#.###########
#.#.#.# #.#.#.#
#...#.# ##


There were no monsters in sight!

Vanquished Creatures
  Sigmund (D:1)
  Natasha (D:2)
  Robin (D:2)
  2 adders (D:2)
  An ooze (D:2)
  4 worms
  4 leopard geckos
  A ball python (D:2)
  2 giant cockroaches
  12 goblins
  9 hobgoblins
  10 jackals
  A quokka (D:2)
  3 bats
  2 frilled lizards
  3 kobolds
  10 rats
  A spectral orc (D:2)
68 creatures vanquished.

Notes
Turn   | Place    | Note
-------+----------+-------------------------------------------
     0 | D:1      | Danakh the Barachi Berserker began the quest for the Orb.
     0 | D:1      | Reached XP level 1. HP: 18/18 MP: 1/1
   205 | D:1      | Reached XP level 2. HP: 25/25 MP: 2/2
   764 | D:2      | Reached skill level 4 in Axes
   836 | D:2      | Noticed Sigmund
   837 | D:2      | Noticed Robin
   839 | D:2      | Reached ** piety under Trog
   839 | D:2      | Reached XP level 3. HP: 21/30 MP: 3/3
  1242 | D:1      | Killed Sigmund
  1242 | D:1      | Reached skill level 5 in Axes
  1242 | D:1      | Reached XP level 4. HP: 31/38 MP: 4/4
  1242 | D:1      | Reached XP level 5. HP: 34/43 MP: 5/5
  1374 | D:2      | Killed Robin
  1546 | D:2      | Found a blossoming altar of Fedhas.
  1574 | D:2      | Reached XP level 6. HP: 49/49 MP: 6/6
  1620 | D:2      | Found a basalt altar of Yredelemnul.
  2005 | D:2      | Found a radiant altar of Vehumet.
  2070 | D:2      | Noticed Natasha
  2089 | D:2      | Killed Natasha
  2165 | D:2      | Found a hide-covered altar of Uskayaw.
  2165 | D:2      | Found an iron altar of Okawaru.
  2277 | D:3      | Found a faded altar of an unknown god.
  2316 | D:3      | Reached *** piety under Trog
  2414 | D:$      | Got out of the dungeon alive.

Skill      XL: |  1  2  3 |
---------------+----------+-----
Axes           | 4 5 |  5.4
Fighting       | 4 |  4.9
Armour         | 3 |  3.9
Dodging        | 3 |  3.8

Action                   |  1- 3 |  4- 6 || total
-------------------------+-------+-------++-------
Melee: Hand axe          |    89 |   190 ||   279
Invok: Berserk           |     1 |     1 ||     2
 Abil: Hop               |     1 |       ||     1
  Eat: Chunk             |     1 |     6 ||     7
Armor: Animal skin       |     3 |       ||     3
       Chain mail        |    27 |    96 ||   123
Dodge: Dodged            |    38 |    81 ||   119
